 Dungeon Crawl Stone Soup version 0.18-a0-1577-gf591c28 (webtiles) character file.

133 M4edhros the Poker (level 4, -3/35 HPs)
             Began as a Mummy Chaos Knight on Mar 17, 2016.
             Slain by a scorpion (5 damage)
             ... on level 3 of the Dungeon.
             The game lasted 00:02:47 (2443 turns).

M4edhros the Poker (Mummy Chaos Knight)             Turns: 2443, Time: 00:02:47

Health: -3/35      AC:  6    Str: 15    XL:     4   Next: 93%
Magic:  4/4        EV: 11    Int: 11    God:    Xom [......]
Gold:   121        SH:  0    Dex: 12    Spells: 0 memorised, 3 levels left

rFire  x . .     SeeInvis .     a - +0 spear (chaos)
rCold  + . .     Gourm    .     b - +2 leather armour (curse)
rNeg   + + +     Faith    .     (no shield)
rPois  ∞         Spirit   .     (no helmet)
rElec  .         Dismiss  .     (no cloak)
rCorr  .         Reflect  .     (no gloves)
SustAt .         Harm     .     c - +0 pair of boots (curse)
MR     .....                    (no amulet)
Stlth  +.........               (no ring)
                                (no ring)

@: not resistant to hostile enchantments, very unstealthy
A: no food or potions, fire vulnerability, cold resistance 1, negative energy
resistance 3, torment resistance, unbreathing
a: Renounce Religion


You were on level 3 of the Dungeon.
You worshipped Xom.
You were a very special plaything of Xom.
You were not hungry.

You visited 1 branch of the dungeon, and saw 4 of its levels.

You collected 121 gold pieces.

Inventory:

Hand Weapons
 a - a +0 spear of chaos (weapon)
 i - a +1 rapier of flaming
Armour
 b - a cursed +2 leather armour (worn)
 c - a cursed +0 pair of boots (worn)
Jewellery
 l - a cursed amulet of inaccuracy {unknown}
Scrolls
 d - 2 scrolls of teleportation
 f - a scroll of recharging
 g - 4 scrolls of identify {unknown}
 h - a scroll of amnesia {unknown}
 j - 2 scrolls of remove curse {unknown}
 k - 2 scrolls of fog {unknown}
 m - a scroll of fear {unknown}


   Skills:
 - Level 3.0 Fighting
 + Level 4.7 Polearms
 - Level 1.5 Armour
 - Level 0.7 Dodging


You had 3 spell levels left.
You didn't know any spells.

Dungeon Overview and Level Annotations

Branches:
Dungeon (4/15)
 Temple: D:4-7

Altars:
Pakellas
Qazlal


Innate Abilities, Weirdness & Mutations

You do not eat or drink.
Your flesh is vulnerable to fire.
You are immune to poison.
Your flesh is cold resistant.
You are immune to negative energy.
You are immune to unholy pain and torment.
You can survive without breathing.


Message History

* * * LOW HITPOINT WARNING * * *
Your surroundings suddenly seem different.
Xom almost notices you. Heat runs through your body.
Found a stone staircase leading up.
A scorpion comes into view.
Your magical contamination has completely faded away.
An adder comes into view.
There is a stone staircase leading up here.
The scorpion stings you.
* * * LOW HITPOINT WARNING * * *
The adder bites you but does no damage.
You climb upwards.
There is a stone staircase leading down here.
The scorpion stings you.
* * * LOW HITPOINT WARNING * * *
The scorpion stings you but does no damage.
The scorpion stings you.
You die...
Xom giggles madly!

############ #..........#
#..........# #..........#
#>.....s...# #.......@..# #
#..........######### #
#..###'#####.......######
#.##≈≈.≈≈≈##..........##.
#.#≈≈....≈≈#.............
#.#≈...#..≈#.............
###≈.###...'.............
#.'...###.≈####..........
#####.#≈..#...≈#.##..........


You could see a scorpion.

Vanquished Creatures
  A hound (D:4)
  An adder (D:3)
  3 oozes (D:1)
  2 worms
  2 dart slugs (D:2)
  2 giant geckos (D:1)
  6 orcs (D:3)
  A ball python (D:4)
  5 bats
  2 giant cockroaches
  11 goblins
  5 hobgoblins
  4 jackals
  A quokka (D:3)
  5 giant newts
  6 kobolds
  3 rats
60 creatures vanquished.

Vanquished Creatures (others)
  A giant gecko (D:3)
1 creature vanquished.

Grand Total: 61 creatures vanquished

Notes
Turn   | Place    | Note
--------------------------------------------------------------
     0 | D:1      | M4edhros the Mummy Chaos Knight began the quest for the Orb.
     0 | D:1      | Reached XP level 1. HP: 18/18 MP: 1/1
    22 | D:1      | Reached XP level 2. HP: 24/24 MP: 2/2
    40 | D:1      | Reached skill level 3 in Polearms
   112 | D:1      | XOM: divination: detect creatures
   226 | D:1      | XOM: harmless Trmt miscast
   309 | D:1      | Reached XP level 3. HP: 24/29 MP: 3/3
   420 | D:1      | XOM: harmless Ice miscast
   609 | D:1      | XOM: mild Tloc miscast
   894 | D:2      | Found a stormy altar of Qazlal.
  1549 | D:2      | Reached skill level 4 in Polearms
  1663 | D:3      | Reached XP level 4. HP: 35/35 MP: 4/4
  1693 | D:3      | XOM: harmless Ice miscast
  2033 | D:3      | XOM: medium Chrm miscast
  2049 | D:3      | Found an oddly glowing altar of Pakellas.
  2421 | D:4      | XOM: harmless Fire miscast
  2439 | D:3      | HP: 1/35 [scorpion (6)]
  2443 | D:3      | Slain by a scorpion

Vault maps used:
D:1:      erik_arrival_cave_to_civilisation, st_stairs_7
D:2:      lemuel_crystal_altar
D:3:      old_standard_altar, first_bread, kennysheep_another_room

Skill      XL: |  1  2  3 |
---------------+----------+-----
Polearms       | 3 4 |  4.7
Fighting       | |  3.0
Armour         | |  1.5
Dodging        | |  0.7

Action                   |  1- 3 |  4- 6 || total
-------------------------+-------+-------++-------
Melee: Spear             |   156 |    70 ||   226
  Use: Scroll            |       |     3 ||     3
 Stab: Confused          |     2 |       ||     2
       Petrifying        |     1 |       ||     1
